 Dungeon Crawl Stone Soup version 0.30-a0-25-gacc37e2db0 (webtiles) character file.

Game seed: 11818056979052776955

259 Ijustatesigmund the Digger (level 6, 0/32 HPs)
             Began as a Gargoyle Earth Elementalist on Aug 25, 2022.
             Killed by divine providence
             ... invoked by an orc priest
              (16 damage)
             ... on level 3 of the Dungeon.
             The game lasted 00:08:55 (3309 turns).

Ijustatesigmund the Digger (GrEE)                   Turns: 3309, Time: 00:08:56

Health: 0/32       AC:  8    Str: 10    XL:     6   Next: 17%
Magic:  12/12      EV: 12    Int: 17    God:
Gold:   131        SH:  0    Dex: 14    Spells: 7/13 levels left

rFire   . . .      SeeInvis .    e - +2 whip (freeze)
rCold   . . .      Faith    .    (no shield)
rNeg    + . .      Spirit   .    a - +0 robe
rPois   ∞          Reflect  .    d - +0 helmet
rElec   +          Harm     .    f - +0 cloak
rCorr   .          Rampage  .    (no gloves)
Will    .....                    (no boots)
Stlth   ++........               (no amulet)
HPRegen 0.10/turn                (no ring)
MPRegen 0.13/turn                (no ring)

@: no status effects
A: sickness immunity, AC +4, negative energy resistance 1, electricity
resistance, torment resistance 1, petrification resistance, fangs 1, agile 1,
wild magic 1
a: no special abilities


You were on level 3 of the Dungeon.
You visited 1 branch of the dungeon, and saw 4 of its levels.

You collected 131 gold pieces.

Inventory:

Hand Weapons
 e - a +2 whip of freezing (weapon)
Missiles
 i - 4 atropa-tipped darts
 k - 9 poisoned darts (quivered)
 q - a throwing net
Armour
 a - a +0 robe (worn)
 c - a +0 leather armour
 d - a +0 helmet (worn)
 f - a +0 cloak (worn)
Scrolls
 h - a scroll of noise
 j - a scroll of enchant weapon {unknown}
 m - 2 scrolls of poison {unknown}
 o - a scroll of amnesia {unknown}
 p - 2 scrolls of magic mapping {unknown}
 s - a scroll of enchant armour {unknown}
 u - a scroll of torment {unknown}
Potions
 b - a potion of magic
 g - a potion of curing {unknown}
 l - a potion of might {unknown}
 n - a potion of heal wounds {unknown}
 r - a potion of resistance {unknown}
 t - a potion of brilliance {unknown}


   Skills:
 - Level 1.5 Dodging
 - Level 2.1 Stealth
 + Level 4.3 Spellcasting
 + Level 3.8 Conjurations
 - Level 0.7 Transmutations
 - Level 4.3 Earth Magic


You had 7 spell levels left.
You knew the following spells:

 Your Spells              Type           Power      Damage    Failure   Level
a - Sandblast             Erth           48%        2d12      4%          1
b - Stone Arrow           Conj/Erth      44%        3d9       13%         3
c - Passwall              Tmut/Erth      13%        N/A       13%         2

Your spell library contained the following spells:

 Spells                   Type           Power      Damage    Failure   Level
 Necrotise                Necr           16%        1d4       22%         1
 Vampiric Draining        Necr           4%         2d6       52%         3
 Petrify                  Tmut/Erth      16%        N/A       56%         4
 Dispel Undead            Necr           4%         3d7       88%         4
 Irradiate                Conj/Tmut      7%         3d14      90%         5
 Agony                    Necr           4%         N/A       99%         5


Dungeon Overview and Level Annotations

Branches:
Dungeon (4/15)
 Temple: D:4-7

Altars:
Makhleb
Trog

Shops:
D:3 :


Innate Abilities, Weirdness & Mutations

You are immune to sickness and miasma.
Your stone body is resilient. (AC +4)
You are immune to poison.
You resist negative energy. (rN+)
You are resistant to electric shocks. (rElec)
You are resistant to unholy torment.
You are immune to petrification.
You have very sharp teeth.
You are agile. (Dex +4, Str/Int -1)
Your spells are a little harder to cast, but a little more powerful.


Message History

You now have 131 gold pieces (gained 12).
A giant cockroach is nearby!
The orc hits you with a +0 club.
You closely miss the orc. You bite the orc.
The orc is lightly wounded.
The orc hits you with a +0 club.
You barely miss the orc.
The orc is lightly wounded.
The orc misses you.
You hit the orc but do no damage.
The orc is lightly wounded.
The orc barely misses you.
You hit the orc. You freeze the orc.
You kill the orc!
No target in view!
No target in view!
No target in view!
No target in view!
No target in view!
No target in view!
No target in view!
No target in view!
No target in view!
No target in view!
No target in view!
There are monsters nearby!
The orc priest shouts!
The orc priest mumbles some strange prayers to Beogh against you.
Beogh smites you!
The adder hisses angrily.
You are too injured to fight recklessly!
You are too injured to fight recklessly!
As you read the scroll labelled SEFRIW WASTRATZ, it crumbles to dust.
You hear a loud clanging noise!
It was a scroll of noise.
The orc priest shouts!
You hear a shout! x2
The orc priest invokes the aid of Beogh against you.
Beogh smites you!
Ouch! That really hurt!
You die...

......†......##...##....# ###
...........!.#.....#.... ## #
...............#$#.o..# ..##
..........>...##.##.oo# #.....
.......##..##.......#.#.......
.......##).........##B#.....J.
######........###.###.........
##...##..# #......#......
#.####.@##).B.##........ ###.#
#Br..o###...#......
###†..####..#......#.#......
###.<.....###................
#...#.....####.........######
#.###.............S..#.# #.#
#>..............o...
####.###........ .......
..............##


You could see 2 orc priests, an adder, a quokka and a giant cockroach.

Vanquished Creatures
  2 hounds (D:3)
  Natasha (D:2)
  An orc wizard (D:3)
  Robin (D:2)
  5 adders
  A worm (D:2)
  A dart slug (D:1)
  5 orcs (D:3)
  8 endoplasms
  2 giant cockroaches
  13 goblins
  8 hobgoblins
  5 jackals (D:3)
  10 kobolds
  2 quokkas (D:3)
  10 ball pythons
  6 bats
  A frilled lizard (D:2)
  A rat (D:1)
83 creatures vanquished.

Notes
Turn   | Place    | Note
-------+----------+-------------------------------------------
     0 | D:1      | Ijustatesigmund the Gargoyle Earth Elementalist began the
                  | quest for the Orb.
     0 | D:1      | Reached XP level 1. HP: 10/10 MP: 3/3
   350 | D:1      | Reached XP level 2. HP: 15/15 MP: 1/5
  1109 | D:2      | Reached XP level 3. HP: 16/19 MP: 3/6
  1116 | D:2      | Learned a level 3 spell: Stone Arrow
  1119 | D:2      | Learned a level 2 spell: Passwall
  1267 | D:2      | Noticed Robin
  1292 | D:2      | Killed Robin
  1293 | D:2      | Reached skill level 1 in Conjurations
  1309 | D:2      | Reached XP level 4. HP: 21/24 MP: 2/8
  1825 | D:2      | Noticed Natasha
  1825 | D:2      | You fall into a shaft and drop 2 floors!
  1829 | D:4      | Got the Volume of Macabre Permutations
  1885 | D:4      | Found a bloodstained altar of Trog.
  1890 | D:4      | Noticed a centaur
  1894 | D:4      | Noticed a sky beast
  2094 | D:2      | Killed Natasha
  2096 | D:2      | Reached XP level 5. HP: 24/28 MP: 2/10
  2777 | D:3      | Found Ral Moci's Book Shop.
  2895 | D:3      | Found a burning altar of Makhleb.
  2912 | D:3      | Gained mutation: You are occasionally teleported next to
                  | monsters. [potion of mutation]
  2912 | D:3      | Gained mutation: You sometimes lose your temper in combat.
                  | [potion of mutation]
  2912 | D:3      | Gained mutation: Your spells are a little harder to cast,
                  | but a little more powerful. [potion of mutation]
  3107 | D:3      | Reached XP level 6. HP: 26/32 MP: 12/12
  3107 | D:3      | Lost mutation: You sometimes lose your temper in combat.
                  | [potion of mutation]
  3107 | D:3      | Lost mutation: You are occasionally teleported next to
                  | monsters. [potion of mutation]
  3107 | D:3      | Gained mutation: You are agile. (Dex +4, Str/Int -1)
                  | [potion of mutation]
  3107 | D:3      | Gained mutation: You have very sharp teeth. [potion of
                  | mutation]
  3309 | D:3      | Killed from afar by an orc priest

Illustrated notes

Levels and vault maps discovered:
D:1:      heliophobic_arrival_glass_houses, layout_basic, serial_glass,
          glass_columns_a, glass_columns_b, glass_columns_c, glass_columns_a
D:2:      layout_loops_ring, minmay_crystal_water, uniq_natasha, uniq_robin
D:3:      layout_rooms, mainiacjoe_overflow_small_starburst, serial_shops,
          nicolae_shop_statue_plus, shapermc_ecumenical_altar_mp_vishouse,
          minmay_circle_x
D:4:      layout_basic, mainiacjoe_overflow_brackets, kennysheep_mini,
          gammafunk_ghost_gnarly_gnolls, grunt_decor_one_mirror

Skill      XL: |  1  2  3  4  5 |
---------------+----------------+-----
Earth Magic    | 4 |  4.3
Spellcasting   | 3 4 |  4.3
Conjurations   | 1 2 3 |  3.8
Dodging        | |  1.5
Stealth        | |  2.1
Transmutations | |  0.7

Action                   |  1- 3 |  4- 6 || total
-------------------------+-------+-------++-------
Melee: Unarmed           |     2 |       ||     2
       Whip              |    10 |    39 ||    49
       Bite              |       |     1 ||     1
Throw: Dart              |    15 |    11 ||    26
 Cast: Sandblast         |    39 |    60 ||    99
       Stone Arrow       |       |     1 ||     1
  Use: Scroll            |       |     3 ||     3
       Potion            |       |     2 ||     2
 Stab: Sleeping          |       |     1 ||     1
Armor: Robe              |    10 |    22 ||    32
Dodge: Dodged            |    16 |    56 ||    72

Table legend: (Time is in decaauts)
 A = Elapsed time spent in this place.
 B = Non-inter-level travel time spent in this place.
 C = Inter-level travel time spent in this place.
 D = Time resting spent in this place.
 E = Time spent auto-exploring this place.
 F = Levels seen in this place.
 G = Mean time per level.
                   A        B        C        D        E       F      G
               +--------+--------+--------+--------+--------+-----+--------+
         Total |   3364 |   3281 |     83 |    969 |   1760 |   4 |  841.0 |
       Dungeon |   3364 |   3281 |     83 |    969 |   1760 |   4 |  841.0 |
               +--------+--------+--------+--------+--------+-----+--------+

Top non-repeatable levels by time:
     D:2: 1404 daAuts
     D:1: 1115 daAuts
     D:3: 581 daAuts
     D:4: 262 daAuts
